[Event "EYCC Girls-U16 2019"]
[Site "Bratislava"]
[Date "2019.08.05"]
[Round "4.18"]
[White "Laurincova, Kristyna"]
[Black "Simonova, Stela"]
[Result "1/2-1/2"]
[ECO "A13"]
[WhiteElo "1981"]
[BlackElo "1677"]
[Annotator "NA"]
[PlyCount "131"]
[EventDate "2019.08.02"]
[EventType "swiss"]
[EventCountry "SVK"]
[SourceTitle "playchess.com"]
[Source "ChessBase"]
[SourceQuality "1"]
[TimeControl "40/5400+30:1800+30"]

1. c4 e6 2. g3 f5 3. Bg2 Nf6 4. Nc3 c6 5. e3 d5 6. b3 Bd6 7. Nge2 Nbd7 8. Qc2 Qe7 9. cxd5 Nxd5 10. Nxd5 cxd5 11. Nd4 Nf6 12. O-O O-O 13. Bb2 Bd7 14. Qd3 Ne4 15. Nf3 a6 16. Rfc1 Bb5 17. Qc2 Qe8 18. a4 Bd7 19. Ne5 Rc8 20. Qd1 Nc5 21. Bd4 Qe7 22. d3 Bc6 23. Rc3 Nd7 24. Nxd7 Bxd7 25. Rac1 Rxc3 26. Rxc3 Rc8 27. Qc2 Rxc3 28. Qxc3 Bb4 29. Qc7 Bc6 30. Qb8+ Qf8 31. Qe5 Qe7 32. Qb8+ Qf8 33. Qxf8+ Kxf8 34. Be5 g6 35. Kf1 Ke7 36. Ke2 Kf7 37. d4 Bd7 38. Kf3 Bf8 39. g4 Be7 40. Kf4 fxg4 41. Kxg4 Bc6 42. Bf1 Bd7 43. Bd3 Bc6 44. Bf4 Bd7 45. Be5 Bc6 46. Kf4 Bd7 47. Kf3 Bc6 48. Ke2 Bb4 49. Bc7 Kf6 50. Bd8+ Kf7 51. h4 Kg7 52. Kf3 Bd6 53. Kg4 Be8 54. e4 h6 55. e5 Bb4 56. Bf6+ Kf8 57. Kf4 Bc3 58. Ke3 Bb4 59. Be2 Bf7 60. Bg4 Ba5 61. Bh3 Bg8 62. Kd3 Bf7 63. Bg4 Bb4 64. Bd8 Ke8 65. Bb6 a5 66. Be2 1/2-1/2

[Event "EYCC Girls-U16 2019"]
[Site "Bratislava"]
[Date "2019.08.05"]
[Round "4.19"]
[White "Czarnecka, Lidia"]
[Black "Filippova, Margarita"]
[Result "1-0"]
[ECO "C44"]
[WhiteElo "1731"]
[BlackElo "2029"]
[Annotator "NA"]
[PlyCount "113"]
[EventDate "2019.08.02"]
[EventType "swiss"]
[EventCountry "SVK"]
[SourceTitle "playchess.com"]
[Source "ChessBase"]
[SourceQuality "1"]
[TimeControl "40/5400+30:1800+30"]

1. e4 e5 2. Nf3 Nc6 3. d4 exd4 4. Nxd4 Nf6 5. Nxc6 bxc6 6. Bd3 d5 7. exd5 cxd5 8. O-O Be7 9. Bf4 O-O 10. Nc3 c6 11. Qf3 Be6 12. h3 Qb6 13. b3 c5 14. Bg5 Rad8 15. Rad1 h6 16. Na4 Qc6 17. Bf4 Qc8 18. Rfe1 c4 19. Bf1 Rfe8 20. Be5 Rd7 21. Bd4 Rc7 22. Nb2 Rd8 23. Qe3 Rdd7 24. c3 Qa6 25. a4 Qb7 26. b4 Rc8 27. a5 Bf5 28. Qf4 Bg6 29. Be2 Rcd8 30. Bf3 Bc2 31. Rd2 Be4 32. Bxe4 Nxe4 33. Rde2 Bg5 34. Qf3 Qc6 35. Nd1 Rd6 36. Ne3 Bxe3 37. Rxe3 a6 38. Qf4 Rg6 39. h4 Nf6 40. Re7 Qc8 41. Qf3 Rf8 42. Bxf6 Rxf6 43. Qxd5 Rf5 44. Qd7 Qxd7 45. Rxd7 Rc8 46. Rd6 Rf6 47. Rxf6 gxf6 48. Re7 Kf8 49. Rd7 Rc6 50. Kf1 Ke8 51. Ra7 Kf8 52. Ke2 Kg7 53. Rd7 Kg6 54. Ke3 Re6+ 55. Kf3 Rc6 56. Kf4 f5 57. Rd5 1-0

[Event "EYCC Girls-U16 2019"]
[Site "Bratislava"]
[Date "2019.08.05"]
[Round "4.20"]
[White "Bulatova, Kamaliya"]
[Black "Bardorz, Jana"]
[Result "1-0"]
[ECO "A45"]
[WhiteElo "2157"]
[BlackElo "1883"]
[Annotator "NA"]
[PlyCount "55"]
[EventDate "2019.08.02"]
[EventType "swiss"]
[EventCountry "SVK"]
[SourceTitle "playchess.com"]
[Source "ChessBase"]
[SourceQuality "1"]
[TimeControl "40/5400+30:1800+30"]

1. d4 Nf6 2. Bf4 g6 3. Nc3 d5 4. e3 c6 5. h4 Bg7 6. Be2 h6 7. Qd2 Nbd7 8. g4 Ne4 9. Nxe4 dxe4 10. O-O-O O-O 11. Nh3 Qb6 12. h5 g5 13. Bxg5 hxg5 14. Nxg5 c5 15. Nxe4 Qe6 16. Nc3 Nf6 17. h6 Bh8 18. f3 Nh7 19. Rh5 c4 20. Nd5 Qd6 21. e4 Be6 22. Bxc4 Bxd5 23. Rxd5 Qg6 24. Bd3 Rad8 25. Rxd8 Rxd8 26. c3 Bf6 27. e5 Bg5 28. f4 1-0

[Event "EYCC Girls-U16 2019"]
[Site "Bratislava"]
[Date "2019.08.06"]
[Round "5.1"]
[White "Waszczuk, Patrycja"]
[Black "Lehaci, Miruna-Daria"]
[Result "1/2-1/2"]
[ECO "B91"]
[WhiteElo "2119"]
[BlackElo "2201"]
[Annotator "NA"]
[PlyCount "131"]
[EventDate "2019.08.02"]
[EventType "swiss"]
[EventCountry "SVK"]
[SourceTitle "playchess.com"]
[Source "ChessBase"]
[SourceQuality "1"]
[TimeControl "40/5400+30:1800+30"]

1. e4 c5 2. Nf3 d6 3. d4 cxd4 4. Nxd4 Nf6 5. Nc3 a6 6. g3 g6 7. Bg2 Bg7 8. O-O O-O 9. h3 e6 10. Be3 Qc7 11. a4 Nbd7 12. Qd2 Rb8 13. a5 b5 14. axb6 Nxb6 15. b3 Bb7 16. Nde2 Rfd8 17. Bd4 Nbd7 18. g4 e5 19. Be3 Nc5 20. Ng3 Ne6 21. Na4 Ba8 22. g5 Nd7 23. Nc3 Nd4 24. Rxa6 Rdc8 25. Nd5 Bxd5 26. exd5 Ra8 27. Rfa1 Rxa6 28. Rxa6 Nb8 29. Ra8 Nxc2 30. Ne4 Bf8 31. Ra7 Qd8 32. Nf6+ Kg7 33. h4 Nxe3 34. Qxe3 Be7 35. Ne4 Rc7 36. Ra8 Rb7 37. Ra7 Qc7 38. Rxb7 Qxb7 39. Qd3 Qa6 40. Qc3 Qb7 41. b4 Na6 42. Qc6 Qxc6 43. dxc6 Nc7 44. Nc3 d5 45. Nxd5 Nxd5 46. Bxd5 Bd8 47. b5 f6 48. Kg2 fxg5 49. hxg5 h6 50. gxh6+ Kxh6 51. Kf3 Kg5 52. Ke4 Kf6 53. Bg8 Bb6 54. Kd5 Ke7 55. f3 g5 56. Be6 Kd8 57. Kd6 Ba5 58. c7+ Bxc7+ 59. Kc6 Bb8 60. Kb7 Bd6 61. b6 Bc5 62. Kc6 Be3 63. Bf5 Bf2 64. Kb7 Bc5 65. Ka6 Be3 66. Bg4 1/2-1/2

[Event "EYCC Girls-U16 2019"]
[Site "Bratislava"]
[Date "2019.08.06"]
[Round "5.2"]
[White "Krasteva, Beloslava"]
[Black "Hercog, Nusa"]
[Result "1-0"]
[ECO "D10"]
[WhiteElo "2327"]
[BlackElo "2053"]
[Annotator "NA"]
[PlyCount "111"]
[EventDate "2019.08.02"]
[EventType "swiss"]
[EventCountry "SVK"]
[SourceTitle "playchess.com"]
[Source "ChessBase"]
[SourceQuality "1"]
[TimeControl "40/5400+30:1800+30"]

1. d4 d5 2. c4 c6 3. Nc3 dxc4 4. e3 b5 5. a4 b4 6. Na2 e6 7. Bxc4 Nf6 8. Nf3 Bb7 9. O-O Nbd7 10. Qe2 Qb6 11. b3 c5 12. Bb2 Bd6 13. Nc1 a5 14. Nd3 O-O 15. Rac1 Ne4 16. Nfe5 Bxe5 17. dxe5 h6 18. f3 Ng5 19. h4 Nh7 20. Bb5 Bc6 21. Bxc6 Qxc6 22. Rc4 Rfc8 23. Rfc1 Qb6 24. Bd4 Qa6 25. Qc2 Nhf8 26. Nxc5 Nxc5 27. Rxc5 Rxc5 28. Qxc5 Qd3 29. Qc2 Qxc2 30. Rxc2 Ng6 31. h5 Ne7 32. Kf2 Kf8 33. Bc5 Ke8 34. Bxe7 Kxe7 35. Rc7+ Ke8 36. Ke2 Rd8 37. Rc5 Ra8 38. Kd3 Kd7 39. Kc4 g6 40. Kb5 gxh5 41. Kb6 Rg8 42. Rc7+ Kd8 43. Rc2 Rg5 44. f4 Rg3 45. Re2 h4 46. Kxa5 h3 47. gxh3 Rxh3 48. Kxb4 Rh1 49. a5 h5 50. a6 Kc7 51. Kb5 h4 52. Rc2+ Kb8 53. Kb6 Ra1 54. Rg2 Kc8 55. Rg8+ Kd7 56. a7 1-0

[Event "EYCC Girls-U16 2019"]
[Site "Bratislava"]
[Date "2019.08.06"]
[Round "5.3"]
[White "Kuhar, Larisa"]
[Black "Malicka, Maria"]
[Result "1/2-1/2"]
[ECO "C45"]
[WhiteElo "1894"]
[BlackElo "2115"]
[Annotator "NA"]
[PlyCount "60"]
[EventDate "2019.08.02"]
[EventType "swiss"]
[EventCountry "SVK"]
[SourceTitle "playchess.com"]
[Source "ChessBase"]
[SourceQuality "1"]
[TimeControl "40/5400+30:1800+30"]

1. e4 e5 2. Nf3 Nc6 3. d4 exd4 4. Nxd4 Bc5 5. Nxc6 bxc6 6. Qf3 Qf6 7. Nd2 d6 8. Nb3 Qxf3 9. gxf3 Bb6 10. Be3 Nf6 11. Rg1 Bxe3 12. fxe3 O-O 13. c4 c5 14. e5 dxe5 15. Nxc5 Rd8 16. Rg5 Rb8 17. b3 Re8 18. Rd1 h6 19. Rg1 Bf5 20. Be2 Red8 21. Kf2 Rd6 22. Rxd6 cxd6 23. Na4 Kf8 24. Rd1 Ke7 25. Nc3 Bd7 26. Rb1 Be6 27. Nb5 Bd7 28. Nc3 Be6 29. Nb5 Bd7 30. Nc3 Be6 1/2-1/2

[Event "EYCC Girls-U16 2019"]
[Site "Bratislava"]
[Date "2019.08.06"]
[Round "5.4"]
[White "Afanasieva, Alexandra"]
[Black "Sade, Defne"]
[Result "0-1"]
[ECO "C96"]
[WhiteElo "2085"]
[BlackElo "1897"]
[Annotator "NA"]
[PlyCount "84"]
[EventDate "2019.08.02"]
[EventType "swiss"]
[EventCountry "SVK"]
[SourceTitle "playchess.com"]
[Source "ChessBase"]
[SourceQuality "1"]
[TimeControl "40/5400+30:1800+30"]

1. e4 e5 2. Nf3 Nc6 3. Bb5 a6 4. Ba4 Nf6 5. O-O Be7 6. Re1 b5 7. Bb3 d6 8. c3 O-O 9. h3 Na5 10. Bc2 c5 11. d4 Nd7 12. d5 Nb6 13. Nbd2 f5 14. exf5 Bxf5 15. Bxf5 Rxf5 16. Ne4 Qe8 17. Bg5 h6 18. Bxe7 Qxe7 19. b3 Raf8 20. Re3 Nb7 21. Qd2 Rf4 22. Rd1 Qf7 23. Nh2 Nc8 24. f3 Ne7 25. Ng4 Qg6 26. Qd3 h5 27. Nh2 Nf5 28. Nf2 c4 29. Qb1 Nc5 30. Re2 Qg3 31. Nf1 Qg5 32. Ne4 Nxe4 33. fxe4 Nh4 34. Nd2 Ng6 35. bxc4 bxc4 36. Nxc4 R4f6 37. Kh1 Rf2 38. Rxf2 Rxf2 39. Rg1 Nf4 40. Qb8+ Kh7 41. Nxd6 Ne2 42. Nf7 Rxf7 0-1

[Event "EYCC Girls-U16 2019"]
[Site "Bratislava"]
[Date "2019.08.06"]
[Round "5.5"]
[White "Marcinczyk, Monika"]
[Black "Loskutova, Viktoriya"]
[Result "1/2-1/2"]
[ECO "B84"]
[WhiteElo "1960"]
[BlackElo "2019"]
[Annotator "NA"]
[PlyCount "77"]
[EventDate "2019.08.02"]
[EventType "swiss"]
[EventCountry "SVK"]
[SourceTitle "playchess.com"]
[Source "ChessBase"]
[SourceQuality "1"]
[TimeControl "40/5400+30:1800+30"]

1. e4 c5 2. Nf3 d6 3. d4 cxd4 4. Nxd4 Nf6 5. Nc3 a6 6. Be2 e6 7. O-O Be7 8. f4 O-O 9. Be3 Qc7 10. Qe1 b5 11. Bf3 Bb7 12. e5 dxe5 13. fxe5 Nfd7 14. Bxb7 Qxb7 15. Qg3 Bc5 16. Rad1 Qc7 17. Ne4 Be7 18. Nf3 f6 19. Bh6 Rf7 20. Nd6 Bxd6 21. Rxd6 Nxe5 22. Rxe6 Nbc6 23. Nxe5 Nxe5 24. Rexf6 Rxf6 25. Rxf6 Qe7 26. Rf1 Ng6 27. Be3 Re8 28. Bd4 Qe4 29. c3 Qe7 30. Qg4 Qb7 31. Qf3 Qxf3 32. Rxf3 Re2 33. c4 bxc4 34. g3 Re4 35. Bc3 Ne7 36. Bb4 g6 37. Bxe7 Rxe7 38. Ra3 Re2 39. Rxa6 1/2-1/2

[Event "EYCC Girls-U16 2019"]
[Site "Bratislava"]
[Date "2019.08.06"]
[Round "5.6"]
[White "Ozbek, Busra"]
[Black "Getman, Tatyana"]
[Result "0-1"]
[ECO "A46"]
[WhiteElo "1866"]
[BlackElo "2143"]
[Annotator "NA"]
[PlyCount "86"]
[EventDate "2019.08.02"]
[EventType "swiss"]
[EventCountry "SVK"]
[SourceTitle "playchess.com"]
[Source "ChessBase"]
[SourceQuality "1"]
[TimeControl "40/5400+30:1800+30"]

1. d4 Nf6 2. Nf3 e6 3. e3 b6 4. Bd3 Bb7 5. b3 d5 6. Bb2 Bd6 7. O-O O-O 8. c4 Ne4 9. Nc3 a6 10. Qc2 f5 11. Ne2 Nd7 12. Ne5 Bxe5 13. dxe5 Ndc5 14. Ba3 Re8 15. f3 Qg5 16. Nf4 Nxd3 17. Qxd3 Nc5 18. Qd4 Nd7 19. c5 b5 20. Rac1 Nb8 21. Bb2 Nc6 22. Qd2 a5 23. a3 Qh6 24. Bd4 Kf7 25. g4 fxg4 26. fxg4 Kg8 27. Qf2 Qg5 28. h3 Nxe5 29. Nxe6 Rxe6 30. Bxe5 Qg6 31. Bd4 b4 32. Qf4 Re7 33. axb4 axb4 34. Ra1 Rae8 35. Qf5 Qh6 36. g5 Qh5 37. Rf3 Bc8 38. Qxd5+ Be6 39. Qc6 Qxg5+ 40. Kf2 Bd5 41. Bf6 Qh5 42. Qxd5+ Qxd5 43. Bxe7 Rxe7 0-1

[Event "EYCC Girls-U16 2019"]
[Site "Bratislava"]
[Date "2019.08.06"]
[Round "5.7"]
[White "Mkrtchyan, Mariam"]
[Black "Kuzich, Aryna"]
[Result "1-0"]
[ECO "A00"]
[WhiteElo "1981"]
[BlackElo "1940"]
[Annotator "NA"]
[PlyCount "59"]
[EventDate "2019.08.02"]
[EventType "swiss"]
[EventCountry "SVK"]
[SourceTitle "playchess.com"]
[Source "ChessBase"]
[SourceQuality "1"]
[TimeControl "40/5400+30:1800+30"]

1. g3 c5 2. Bg2 Nc6 3. d3 d5 4. Nd2 e5 5. e4 d4 6. a4 Bd6 7. Ne2 Nf6 8. O-O O-O 9. f4 exf4 10. gxf4 Bc7 11. Nf3 c4 12. e5 Ng4 13. h3 cxd3 14. cxd3 Nh6 15. Ng3 Nf5 16. Ne4 h6 17. Nh2 Nce7 18. Ng4 Nd5 19. Qb3 Be6 20. Nc5 Nxf4 21. Nxe6 Ne2+ 22. Kh2 Bxe5+ 23. Nxe5 Qf6 24. Ng4 Qxe6 25. Qxe6 fxe6 26. Bd2 h5 27. Ne5 h4 28. Bg5 Rfc8 29. Rf2 Neg3 30. Bxb7 1-0

[Event "EYCC Girls-U16 2019"]
[Site "Bratislava"]
[Date "2019.08.06"]
[Round "5.8"]
[White "Srdanovic, Jovana"]
[Black "Hryzlova, Sofiia"]
[Result "0-1"]
[ECO "A85"]
[WhiteElo "1975"]
[BlackElo "1799"]
[Annotator "NA"]
[PlyCount "120"]
[EventDate "2019.08.02"]
[EventType "swiss"]
[EventCountry "SVK"]
[SourceTitle "playchess.com"]
[Source "ChessBase"]
[SourceQuality "1"]
[TimeControl "40/5400+30:1800+30"]

1. d4 f5 2. c4 Nf6 3. Nc3 d6 4. Nf3 g6 5. h3 Bg7 6. Bf4 c6 7. Qb3 Qa5 8. e3 Nbd7 9. Be2 Ne4 10. O-O e5 11. Bh2 Nxc3 12. bxc3 c5 13. Rfd1 O-O 14. Rd2 f4 15. exf4 exf4 16. Rad1 Nf6 17. Bd3 Nh5 18. Be4 Qc7 19. Bd5+ Kh8 20. Re1 Nf6 21. Be6 Bxe6 22. Rxe6 Rae8 23. Rxe8 Nxe8 24. Re2 Qd7 25. Qc2 Nc7 26. Qe4 Qf7 27. Qd3 cxd4 28. cxd4 Qf6 29. Re4 g5 30. h4 h6 31. hxg5 hxg5 32. Nd2 Qf5 33. Qe2 Qg6 34. Re7 Rf7 35. Re4 d5 36. cxd5 Nxd5 37. Re8+ Kh7 38. Re6 Rf6 39. Re5 Rd6 40. Re8 Nf6 41. Re5 Rxd4 42. Nf3 Qb1+ 43. Qf1 Rd1 44. Re1 Rxe1 45. Qxe1 Qxe1+ 46. Nxe1 Nd5 47. g3 Kg6 48. gxf4 gxf4 49. Kg2 Kf5 50. Kf3 Be5 51. Nd3 Bd6 52. Nc1 Nc3 53. Nd3 Nd5 54. Nc1 b5 55. Nb3 Be5 56. Nc1 Nb4 57. Ne2 Nd3 58. Ng1 b4 59. Nh3 a5 60. Ke2 f3+ 0-1

[Event "EYCC Girls-U16 2019"]
[Site "Bratislava"]
[Date "2019.08.06"]
[Round "5.9"]
[White "Kvendseth, Thyra"]
[Black "Czarnecka, Lidia"]
[Result "1/2-1/2"]
[ECO "D40"]
[WhiteElo "1977"]
[BlackElo "1731"]
[Annotator "NA"]
[PlyCount "46"]
[EventDate "2019.08.02"]
[EventType "swiss"]
[EventCountry "SVK"]
[SourceTitle "playchess.com"]
[Source "ChessBase"]
[SourceQuality "1"]
[TimeControl "40/5400+30:1800+30"]

1. d4 d5 2. c4 e6 3. Nf3 Nf6 4. Nc3 c5 5. e3 Nc6 6. a3 a6 7. dxc5 Bxc5 8. b4 Be7 9. Bb2 O-O 10. Be2 dxc4 11. Bxc4 b5 12. Be2 Bb7 13. O-O Qb6 14. Qb3 Rfd8 15. Rfd1 Rac8 16. Ng5 Nb8 17. Bf3 Bxf3 18. Nxf3 Nc6 19. Ne2 Nd5 20. Nfd4 Bf6 21. Rac1 Nxd4 22. Nxd4 h6 23. h3 Ne7 1/2-1/2

[Event "EYCC Girls-U16 2019"]
[Site "Bratislava"]
[Date "2019.08.06"]
[Round "5.10"]
[White "Lukacs, Anna Kata"]
[Black "Bulatova, Kamaliya"]
[Result "0-1"]
[ECO "B90"]
[WhiteElo "1907"]
[BlackElo "2157"]
[Annotator "NA"]
[PlyCount "102"]
[EventDate "2019.08.02"]
[EventType "swiss"]
[EventCountry "SVK"]
[SourceTitle "playchess.com"]
[Source "ChessBase"]
[SourceQuality "1"]
[TimeControl "40/5400+30:1800+30"]

1. e4 c5 2. Nf3 d6 3. d4 cxd4 4. Nxd4 Nf6 5. Nc3 a6 6. f3 e5 7. Nb3 Be6 8. Be3 Be7 9. Qd2 O-O 10. O-O-O Nbd7 11. g4 b5 12. g5 Nh5 13. Nd5 Bxd5 14. exd5 f6 15. gxf6 Bxf6 16. Na5 Qe8 17. Qb4 Bd8 18. Nb7 Rxf3 19. Qe4 Rxe3 20. Qxe3 Bc7 21. Qc3 Qb8 22. Na5 b4 23. Qc6 Ndf6 24. Nb3 a5 25. Bh3 Nf4 26. Be6+ Kh8 27. Rhg1 Ne2+ 28. Kb1 Nxg1 29. Rxg1 Qa7 30. Rd1 Rd8 31. Nd2 a4 32. Nf3 Rf8 33. Ng5 g6 34. Nf7+ Kg7 35. Nxd6 Bxd6 36. Qxd6 e4 37. Qxb4 e3 38. Re1 Rb8 39. Qc3 e2 40. Rxe2 Qg1+ 41. Qe1 Qd4 42. c3 Qd3+ 43. Ka1 a3 44. b3 Re8 45. Qd2 Qxd2 46. Rxd2 Ne4 47. Rc2 Rf8 48. Bh3 Rf3 49. Bg2 Rd3 50. Rc1 Nxc3 51. Rxc3 Rd1+ 0-1

[Event "EYCC Girls-U16 2019"]
[Site "Bratislava"]
[Date "2019.08.06"]
[Round "5.11"]
[White "Mikic, Ivana"]
[Black "Djidjeli, Sarah"]
[Result "0-1"]
[ECO "B32"]
[WhiteElo "1884"]
[BlackElo "2017"]
[Annotator "NA"]
[PlyCount "84"]
[EventDate "2019.08.02"]
[EventType "swiss"]
[EventCountry "SVK"]
[SourceTitle "playchess.com"]
[Source "ChessBase"]
[SourceQuality "1"]
[TimeControl "40/5400+30:1800+30"]

1. e4 c5 2. Nf3 Nc6 3. d4 cxd4 4. Nxd4 e5 5. Nb5 d6 6. N1c3 a6 7. Na3 Be7 8. Nc4 b5 9. Ne3 Nf6 10. g3 h5 11. Bg2 h4 12. O-O h3 13. Bh1 O-O 14. a4 b4 15. Ncd5 Nxd5 16. Nxd5 Be6 17. Be3 Rb8 18. Qe2 a5 19. Qa6 Rc8 20. Bb6 Qd7 21. Rad1 Bd8 22. Rfe1 Nb8 23. Qxa5 Bxd5 24. Bxd8 Bc4 25. b3 Rfxd8 26. bxc4 Rxc4 27. Rd2 Rdc8 28. Red1 Rxc2 29. Qxb4 Rxd2 30. Qxd2 Qxa4 31. Qxd6 Nc6 32. Re1 Qa5 33. Qd1 Rd8 34. Qe2 Nd4 35. Qf1 Qd2 36. Re3 Nc2 37. Rb3 Nd4 38. Re3 Rc8 39. Re1 Rc2 40. Bg2 hxg2 41. Kxg2 Qc3 42. Re3 Qxe3 0-1

[Event "EYCC Girls-U16 2019"]
[Site "Bratislava"]
[Date "2019.08.06"]
[Round "5.12"]
[White "Dylag, Emilia"]
[Black "Diez, Ambre"]
[Result "1/2-1/2"]
[ECO "E76"]
[WhiteElo "2099"]
[BlackElo "1908"]
[Annotator "NA"]
[PlyCount "117"]
[EventDate "2019.08.02"]
[EventType "swiss"]
[EventCountry "SVK"]
[SourceTitle "playchess.com"]
[Source "ChessBase"]
[SourceQuality "1"]
[TimeControl "40/5400+30:1800+30"]

1. d4 Nf6 2. c4 g6 3. Nc3 Bg7 4. e4 d6 5. f4 e5 6. fxe5 dxe5 7. d5 Nbd7 8. Nf3 O-O 9. Bd3 b6 10. O-O Ne8 11. Bc2 Nd6 12. Qe2 a5 13. Be3 Bb7 14. Rad1 Qe7 15. a3 f5 16. exf5 Nxf5 17. Bg5 Qc5+ 18. Kh1 Rf7 19. Ne4 Qf8 20. Bd2 h6 21. Bc3 c6 22. d6 c5 23. Ba4 Qe8 24. Rfe1 Qe6 25. Qd3 Nd4 26. Bxd4 cxd4 27. Bb5 Rf4 28. c5 bxc5 29. Bxd7 Qxd7 30. Nxc5 Qc6 31. Qb3+ Rf7 32. Nxb7 Qxb7 33. Qxb7 Rxb7 34. Nxe5 Rd8 35. Rxd4 Rxb2 36. h3 Rb6 37. d7 Rb7 38. Rd5 Bxe5 39. Rexe5 Rbxd7 40. Rxd7 Rxd7 41. Rxa5 Kf7 42. Ra6 Rd1+ 43. Kh2 Ra1 44. Kg3 Ra2 45. Kf3 Kg7 46. g3 Ra1 47. a4 h5 48. a5 Kh6 49. Ra8 Ra3+ 50. Kf4 g5+ 51. Kf5 Rf3+ 52. Ke4 Rxg3 53. a6 Ra3 54. Kf5 Ra5+ 55. Kf6 Kh7 56. Ra7+ Kh6 57. Ra8 Kh7 58. Ra7+ Kh6 59. Ra8 1/2-1/2

[Event "EYCC Girls-U16 2019"]
[Site "Bratislava"]
[Date "2019.08.06"]
[Round "5.13"]
[White "Donghvani, Nia"]
[Black "Jarocka, Liwia"]
[Result "1/2-1/2"]
[ECO "A25"]
[WhiteElo "1864"]
[BlackElo "2102"]
[Annotator "NA"]
[PlyCount "58"]
[EventDate "2019.08.02"]
[EventType "swiss"]
[EventCountry "SVK"]
[SourceTitle "playchess.com"]
[Source "ChessBase"]
[SourceQuality "1"]
[TimeControl "40/5400+30:1800+30"]

1. c4 e5 2. Nc3 Nc6 3. g3 f5 4. Bg2 Nf6 5. a3 g6 6. e3 e4 7. d3 exd3 8. Qxd3 Bg7 9. Nf3 d6 10. O-O O-O 11. Qc2 Qe7 12. b3 Nd8 13. Bb2 c6 14. Rad1 Nf7 15. Rfe1 Re8 16. Nd4 Ne4 17. b4 Bd7 18. b5 Nfg5 19. bxc6 bxc6 20. Nce2 Rab8 21. Ba1 c5 22. Nb5 Bc6 23. Nf4 Bxa1 24. Rxa1 Qb7 25. h4 Ne6 26. Rab1 Qd7 27. Nxe6 Rxe6 28. Nc3 Rxb1 29. Rxb1 Nxc3 1/2-1/2

[Event "EYCC Girls-U16 2019"]
[Site "Bratislava"]
[Date "2019.08.06"]
[Round "5.14"]
[White "Dubovyk, Anastasiia"]
[Black "Pipia, Ekaterine"]
[Result "1-0"]
[ECO "B06"]
[WhiteElo "1824"]
[BlackElo "1945"]
[Annotator "NA"]
[PlyCount "77"]
[EventDate "2019.08.02"]
[EventType "swiss"]
[EventCountry "SVK"]
[SourceTitle "playchess.com"]
[Source "ChessBase"]
[SourceQuality "1"]
[TimeControl "40/5400+30:1800+30"]

1. e4 g6 2. d4 Bg7 3. Nf3 d6 4. Nc3 a6 5. Be3 b5 6. Bd3 Nd7 7. a4 b4 8. Ne2 Bb7 9. Ng3 h5 10. h4 Nh6 11. c3 bxc3 12. bxc3 Ng4 13. Bd2 O-O 14. Ng5 c5 15. Ne2 cxd4 16. cxd4 Qb6 17. Rb1 Qa7 18. f3 Nh6 19. g4 hxg4 20. h5 gxf3 21. Nxf3 g5 22. Bxg5 Nf6 23. Rg1 Kh8 24. Qd2 Nfg4 25. Rg3 e5 26. Nh2 f5 27. Nxg4 Nxg4 28. h6 Bf6 29. exf5 Nh2 30. Bxf6+ Rxf6 31. Qg5 Rf7 32. Qh5 Bf3 33. Rxf3 Nxf3+ 34. Qxf3 exd4 35. Rb6 Re8 36. Qd5 Qxb6 37. Qxf7 Qa5+ 38. Kf1 Qe5 39. f6 1-0

[Event "EYCC Girls-U16 2019"]
[Site "Bratislava"]
[Date "2019.08.06"]
[Round "5.15"]
[White "Levitan, Ronit"]
[Black "Muedder, Melanie"]
[Result "1/2-1/2"]
[ECO "B22"]
[WhiteElo "2022"]
[BlackElo "1905"]
[Annotator "NA"]
[PlyCount "82"]
[EventDate "2019.08.02"]
[EventType "swiss"]
[EventCountry "SVK"]
[SourceTitle "playchess.com"]
[Source "ChessBase"]
[SourceQuality "1"]
[TimeControl "40/5400+30:1800+30"]

1. e4 c5 2. c3 d5 3. exd5 Qxd5 4. d4 Nc6 5. Nf3 Bf5 6. Na3 cxd4 7. Bc4 Qe4+ 8. Be3 e6 9. cxd4 Bb4+ 10. Kf1 Bxa3 11. bxa3 Nf6 12. h3 O-O 13. Ng5 Qc2 14. Qxc2 Bxc2 15. Rc1 Bg6 16. Ke2 h6 17. Nf3 Be4 18. Rhg1 Rfd8 19. Rgd1 Nd5 20. g4 Nb6 21. Bb3 Rac8 22. Ne5 Na5 23. f3 Bh7 24. Nd3 Nd5 25. Bd2 Nc6 26. Bxd5 Bxd3+ 27. Kxd3 Rxd5 28. Be3 Rcd8 29. Ke2 R5d7 30. Rd2 Ne7 31. Rdc2 Nd5 32. Rc8 Kf8 33. Rxd8+ Rxd8 34. Rc5 b6 35. Rc4 Ke7 36. h4 Kd7 37. Bd2 a5 38. h5 Rc8 39. Rxc8 Kxc8 40. f4 f6 41. g5 f5 1/2-1/2

[Event "EYCC Girls-U16 2019"]
[Site "Bratislava"]
[Date "2019.08.06"]
[Round "5.16"]
[White "Zarebska, Lena"]
[Black "Laurincova, Kristyna"]
[Result "0-1"]
[ECO "B50"]
[WhiteElo "1773"]
[BlackElo "1981"]
[Annotator "NA"]
[PlyCount "68"]
[EventDate "2019.08.02"]
[EventType "swiss"]
[EventCountry "SVK"]
[SourceTitle "playchess.com"]
[Source "ChessBase"]
[SourceQuality "1"]
[TimeControl "40/5400+30:1800+30"]

1. e4 c5 2. Nf3 d6 3. c4 Nc6 4. Nc3 Nf6 5. Be2 e6 6. d4 cxd4 7. Nxd4 Be7 8. O-O O-O 9. Nc2 a6 10. Be3 Qa5 11. f4 Rd8 12. a3 d5 13. b4 Qc7 14. e5 dxc4 15. Qe1 Nd7 16. Qf2 b5 17. Rad1 Rb8 18. Ne4 Nb6 19. f5 exf5 20. Nf6+ gxf6 21. Qg3+ Kh8 22. Rxd8+ Qxd8 23. Rd1 Qg8 24. Qf2 Nd7 25. exf6 Nxf6 26. Nd4 Ne4 27. Qf4 Bg5 28. Qf3 Ne5 29. Qh3 f4 30. Nf5 fxe3 31. Rd5 Nc3 32. Rxe5 Nxe2+ 33. Kf1 Nd4 34. Qh5 Bxf5 0-1

[Event "EYCC Girls-U16 2019"]
[Site "Bratislava"]
[Date "2019.08.06"]
[Round "5.17"]
[White "Gombocz, Zsofia"]
[Black "Yedigaryan, Asya"]
[Result "1/2-1/2"]
[ECO "C03"]
[WhiteElo "1981"]
[BlackElo "1583"]
[Annotator "NA"]
[PlyCount "59"]
[EventDate "2019.08.02"]
[EventType "swiss"]
[EventCountry "SVK"]
[SourceTitle "playchess.com"]
[Source "ChessBase"]
[SourceQuality "1"]
[TimeControl "40/5400+30:1800+30"]

1. e4 e6 2. d4 d5 3. Nd2 h6 4. Ngf3 Nf6 5. e5 Nfd7 6. c4 dxc4 7. Nxc4 Nb6 8. Nxb6 axb6 9. Bd3 Nc6 10. O-O Be7 11. h3 h5 12. Be3 Nb4 13. Be4 Nd5 14. Nh2 Bd7 15. Qf3 Bc6 16. Qg3 g6 17. Nf3 Rg8 18. h4 Qd7 19. Ng5 Bxg5 20. Bxg5 Ne7 21. Qe3 Rd8 22. Rfd1 Bxe4 23. Qxe4 Qd5 24. Qc2 Rd7 25. Qa4 Qa5 26. Qc4 Qd5 27. Qa4 Qa5 28. Qc4 Qd5 29. Qa4 Qa5 30. Qc4 1/2-1/2

[Event "EYCC Girls-U16 2019"]
[Site "Bratislava"]
[Date "2019.08.06"]
[Round "5.18"]
[White "Esadze, Tamari"]
[Black "Khachatryan, Veronika"]
[Result "1-0"]
[ECO "B32"]
[WhiteElo "1997"]
[BlackElo "1870"]
[Annotator "NA"]
[PlyCount "85"]
[EventDate "2019.08.02"]
[EventType "swiss"]
[EventCountry "SVK"]
[SourceTitle "playchess.com"]
[Source "ChessBase"]
[SourceQuality "1"]
[TimeControl "40/5400+30:1800+30"]

1. e4 c5 2. Nf3 Nc6 3. d4 cxd4 4. Nxd4 e5 5. Nb5 d6 6. N1c3 a6 7. Na3 b5 8. Nd5 Nge7 9. c3 Nxd5 10. exd5 Ne7 11. c4 g6 12. cxb5 Bg7 13. Be2 O-O 14. O-O axb5 15. Nxb5 Bb7 16. Bc4 f5 17. a4 f4 18. Ra3 Rf5 19. Qe2 Bc8 20. Bd2 Rh5 21. Bb4 Nf5 22. g3 Bf8 23. Bd3 fxg3 24. fxg3 Nh6 25. Be4 Ng4 26. h4 Bf5 27. Bxf5 Qb6+ 28. Kh1 Rxf5 29. Rxf5 gxf5 30. a5 Qb7 31. Be1 Qxd5+ 32. Kg1 Bh6 33. Bf2 Nxf2 34. Kxf2 Qc5+ 35. Kg2 Qc6+ 36. Kh2 Ra6 37. Rc3 Qd7 38. Rc7 Qe6 39. Nd4 Qa2 40. Qxa6 exd4 41. Qc8+ Bf8 42. Qd7 Qxb2+ 43. Kh3 1-0